 Dungeon Crawl Stone Soup version 0.26-a0-663-g36e8fdb655 (webtiles) character file.

Game seed: 4942295249284436937

2455 Conn the Thaumaturge (level 9, 0/48 HPs)
             Began as a Deep Elf Fire Elementalist on Oct 11, 2020.
             Was an Initiate of Sif Muna.
             Killed from afar by a manticore (16 damage)
             ... with a volley of spikes
             ... on level 7 of the Dungeon.
             The game lasted 00:37:36 (7715 turns).

Conn the Thaumaturge (Deep Elf Fire Elementalist)   Turns: 7715, Time: 00:37:37

Health: 0/48       AC:  6    Str:  5    XL:     9   Next: 26%
Magic:  9/24       EV: 14    Int: 30    God:    Sif Muna [......]
Gold:   343        SH:  0    Dex: 15    Spells: 10/27 levels left

rFire    . . .     SeeInvis .   a - +2 short sword (venom)
rCold    . . .     Faith    .   (no shield)
rNeg     . . .     Spirit   .   J - +0 leather armour of Wisdom {rElec rPois rCorr Stlth+} (curse)
rPois    +         Reflect  .   (no helmet)
rElec    +         Harm     .   o - scarf {shadows}
rCorr    +         Rampage  .   e - +2 pair of gloves
MR       .....                  (no boots)
Stlth    ++++......             x - amulet of magic regeneration
HPRegen  0.16/turn              (no ring)
MPRegen  0.44/turn              j - +6 ring of intelligence

@: barbed spikes
A: no striking features
a: Renounce Religion


You were on level 7 of the Dungeon.
You worshipped Sif Muna.
Sif Muna was noncommittal.
You visited 2 branches of the dungeon, and saw 8 of its levels.

You collected 343 gold pieces.

Inventory:

Hand Weapons
 a - a +2 short sword of venom (weapon)
 b - the +4 hunting sling of Virylygi {freeze, *Contam rElec Str+8 Int-2}
   (You found it on level 5 of the Dungeon)

   It causes projectiles fired from it to freeze those they strike, causing
   extra injury to most foes and up to half again as much damage against
   particularly susceptible opponents.
   They can also slow down cold-blooded creatures.
   It affects your strength (+8).
   It affects your intelligence (-2).
   It insulates you from electricity.
   It causes magical contamination when unequipped.
 B - a +0 hand axe
Missiles
 c - 65 sling bullets
 f - 6 boomerangs
 I - 23 poisoned darts (quivered)
Armour
 e - a +2 pair of gloves (worn)
 l - a +0 robe
 o - a scarf of shadows (worn)
 q - a +0 buckler
 r - a +2 leather armour of poison resistance
 t - the cursed +1 ring mail "Derruo" {rPois rC+++ MP+9 Int-5 Dex+4}
   (You took it off an orc on level 4 of the Dungeon)

   It affects your intelligence (-5).
   It affects your dexterity (+4).
   It renders you almost immune to cold.
   It protects you from poison.
   It affects your magic capacity (+9).
   It has a curse placed upon it.
 C - a +1 robe of cold resistance
 E - a +2 robe of fire resistance
 J - the cursed +0 leather armour of Wisdom (worn) {rElec rPois rCorr Stlth+}
   (You found it on level 6 of the Dungeon)

   It insulates you from electricity.
   It protects you from poison.
   It provides partial protection from all sources of acid and corrosion.
   It makes you more stealthy.
   It has a curse placed upon it.
Jewellery
 d - a +4 ring of evasion
 j - a +6 ring of intelligence (right hand)
 x - an amulet of magic regeneration (around neck)
 y - an uncursed amulet of reflection
 z - an uncursed ring of protection from magic
 K - a +4 ring of evasion
Wands
 k - a wand of iceblast (5)
 p - a wand of flame (11)
 L - a wand of digging (4)
Scrolls
 g - 2 scrolls of enchant armour {unknown}
 h - 4 scrolls of remove curse
 m - a scroll of noise {unknown}
 n - 5 scrolls of identify {unknown}
 s - a scroll of enchant weapon {unknown}
 v - 4 scrolls of immolation {unknown}
 w - 2 scrolls of magic mapping {unknown}
 A - a scroll of random uselessness {unknown}
 F - a scroll of teleportation
 G - a scroll of fog {unknown}
 M - a scroll of blinking {unknown}
Potions
 i - a potion of ambrosia
 D - a potion of might {unknown}
 H - 2 potions of stabbing
 N - a potion of brilliance {unknown}
 O - a potion of flight


   Skills:
 + Level 1.8 Fighting
 + Level 2.7 Short Blades
 + Level 0.3 Axes
 + Level 0.7 Slings
 * Level 1.6 Armour
 + Level 5.0 Dodging
 + Level 4.3 Stealth
 * Level 0.8 Shields
 * Level 9.8 Spellcasting
 * Level 6.4 Conjurations
 * Level 6.1 Fire Magic


You had 10 spell levels left.
You knew the following spells:

 Your Spells              Type           Power        Failure   Level
a - Foxfire               Conj/Fire      ####         1%          1
b - Conjure Flame         Conj/Fire      ####....     1%          3
c - Inner Flame           Hex/Fire       ###.....     4%          3
d - Sticky Flame          Conj/Fire      ####....     4%          4
e - Fireball              Conj/Fire      ####......   12%         5
f - Corona                Hex            #......      6%          1

Your spell library contained the following spells:

 Spells                   Type           Power        Failure   Level
 Animate Skeleton         Necr           #.....       6%          1
 Apportation              Tloc           #.....       6%          1
 Beastly Appendage        Tmut           #.....       6%          1
 Summon Small Mammal      Summ           #...         6%          1
 Wereblood                Tmut           #.......     9%          2
 Confusing Touch          Hex            #.......     17%         3
 Gell's Gravitas          Tloc           #.........   17%         3
 Spider Form              Tmut/Pois      #.........   17%         3
 Ice Form                 Ice/Tmut       #.......     50%         4
 Petrify                  Tmut/Erth      #.......     50%         4
 Blade Hands              Tmut           #.........   85%         5
 Metabolic Englaciation   Hex/Ice        #.........   85%         5
 Yara's Violent Unravell  Hex/Tmut       #.........   85%         5


Dungeon Overview and Level Annotations

Branches:
Dungeon (7/15)             Temple (1/1) D:7

Altars:
Ashenzari
Cheibriados
Elyvilon
Fedhas
Gozag
Hepliaklqana
Kikubaaqudgha
Makhleb
Nemelex Xobeh
Okawaru
Qazlal
Ru
Sif Muna
Trog
Uskayaw
Vehumet
Wu Jian
Xom
Yredelemnul
Zin
The Shining One


Message History

The manticore burns!
The manticore bites you!
* * * LOW HITPOINT WARNING * * *
The manticore claws you.
* * * LOW HITPOINT WARNING * * *
The manticore closely misses you.
You feel much better.
The manticore burns!
A black bear comes into view.
The manticore bites you! The manticore closely misses you. x2
Casting: Sticky Flame (dangerous; 4% risk of failure)
Confirm with . or Enter, or press ? or * to list all spells.
The spell is quite dangerous to cast (12% risk of failure)!
Continue anyway?
Press: ? - help, Shift-Dir - straight line, p - manticore
Okay, then.
The barbs in your skin will harm you if you move.
Continue?
The barbed spikes dig painfully into your body as you move.
The manticore burns!
The manticore flicks its tail.
The volley of spikes hits you!
The barbed spikes become lodged in your body.
You die...

...........# .....
............#######...
............#..........
...........)...........
#.....................
#......)..............
#...................#.
#.............<.......
#....@.Hc..#####......
########..............
#..............
#..............
.h............ ...
........ ...####.....
..........รท.
..........(.


You could see a manticore (burning, very poisoned) and a centaur.

Vanquished Creatures
  Pikel (D:5)
  A sky beast (D:3)
  A black bear (D:7)
  2 phantoms
  3 ogres
  A necrophage (D:7)
  2 centaurs (D:7)
  A lemure (D:5)
  A bullfrog (D:7)
  A water moccasin zombie (D:6)
  2 scorpions
  2 jellies
  A howler monkey (D:6)
  A bullfrog zombie (D:3)
  A gnoll shaman (D:5)
  2 hounds
  3 bullfrog skeletons
  4 orc wizards
  7 worker ants
  2 iguanas
  A hound skeleton (D:6)
  8 gnolls
  4 adders
  A shadow imp (D:6)
  A white imp (D:6)
  3 ufetubi
  4 worms
  2 dart slugs
  2 leopard geckos
  14 orcs
  A ball python (D:3)
  7 bats
  4 giant cockroaches
  9 goblins
  3 hobgoblins
  13 jackals
  7 kobolds
  5 quokkas
  2 frilled lizards (D:1)
  A leopard gecko zombie (D:6)
  A quokka skeleton (D:5)
  A quokka zombie (D:6)
  4 rats
137 creatures vanquished.

Vanquished Creatures (others)
  382 foxfires
382 creatures vanquished.

Grand Total: 519 creatures vanquished

Notes
Turn   | Place    | Note
-------+----------+-------------------------------------------
     0 | D:1      | Conn the Deep Elf Fire Elementalist began the quest for the
                  | Orb.
     0 | D:1      | Reached XP level 1. HP: 10/10 MP: 6/6
   258 | D:1      | Reached XP level 2. HP: 14/15 MP: 4/8
   594 | D:1      | Reached XP level 3. HP: 19/19 MP: 3/10
   653 | D:1      | Learned a level 3 spell: Conjure Flame
   657 | D:1      | Learned a level 3 spell: Inner Flame
  1038 | D:2      | Found a blossoming altar of Fedhas.
  1051 | D:2      | Reached skill level 4 in Spellcasting
  1168 | D:2      | Reached XP level 4. HP: 20/24 MP: 10/12
  1870 | D:2      | Learned a level 4 spell: Sticky Flame
  1893 | D:3      | Noticed a sky beast
  2113 | D:3      | Reached skill level 5 in Spellcasting
  2123 | D:3      | Found a hazy altar of Hepliaklqana.
  2132 | D:3      | Reached XP level 5. HP: 19/28 MP: 1/14
  2244 | D:3      | Killed a sky beast
  2666 | D:3      | Found a hide-covered altar of Uskayaw.
  2823 | D:3      | Reached XP level 6. HP: 17/32 MP: 14/16
  3042 | D:3      | Learned a level 5 spell: Fireball
  3129 | D:3      | Reached skill level 6 in Spellcasting
  3274 | D:4      | Found a sparkling altar of Nemelex Xobeh.
  3740 | D:4      | Identified the cursed +1 ring mail "Derruo" {rPois rC+++
                  | MP+9 Int-5 Dex+4}
  3748 | D:4      | Reached skill level 5 in Fire Magic
  3748 | D:4      | Reached XP level 7. HP: 36/37 MP: 15/19
  3753 | D:4      | Reached skill level 7 in Spellcasting
  3910 | D:4      | Learned a level 1 spell: Corona
  4065 | D:4      | Found a white marble altar of Elyvilon.
  4483 | D:5      | Entered Level 5 of the Dungeon
  4552 | D:5      | Got an encrusted hunting sling
  4553 | D:5      | Identified the +4 hunting sling of Virylygi {freeze,
                  | *Contam rElec Str+8 Int-2} (You found it on level 5 of the
                  | Dungeon)
  4755 | D:5      | Found an ancient bone altar of Kikubaaqudgha.
  4756 | D:5      | Found an iron altar of Okawaru.
  4801 | D:5      | Reached skill level 1 in Short Blades
  5023 | D:5      | Reached skill level 1 in Fighting
  5116 | D:5      | Noticed Pikel
  5242 | D:5      | Killed Pikel
  5242 | D:5      | Reached skill level 8 in Spellcasting
  5242 | D:5      | Reached skill level 5 in Conjurations
  5242 | D:5      | Reached XP level 8. HP: 32/43 MP: 20/22
  5944 | D:5      | Found a burning altar of Makhleb.
  5950 | D:5      | Reached skill level 9 in Spellcasting
  6268 | D:6      | Got a transparent leather armour
  6279 | D:6      | Identified the cursed +0 leather armour of Wisdom {rElec
                  | rPois rCorr Stlth+} (You found it on level 6 of the
                  | Dungeon)
  6963 | D:6      | Found a sacrificial altar of Ru.
  7271 | D:6      | Reached XP level 9. HP: 48/48 MP: 21/24
  7314 | D:7      | Noticed a manticore
  7585 | D:7      | Found Qujutuh's Jewellery Shoppe.
  7604 | D:7      | Found a staircase to the Ecumenical Temple.
  7612 | Temple   | Entered the Ecumenical Temple
  7620 | Temple   | Became a worshipper of Sif Muna the Loreminder
  7653 | D:7      | Reached skill level 5 in Dodging
  7667 | D:7      | Reached skill level 1 in Armour
  7715 | D:7      | Killed from afar by a manticore

Illustrated notes

Levels and vault maps discovered:
D:1:      elethiomel_arrival_shortcut, layout_loops_ring
D:2:      layout_loops_ring, lemuel_round_altar, minmay_misc_feat_doors
D:3:      layout_rooms, old_standard_altar, marbit_many_paths,
          saegor_snake_ambush
D:4:      layout_rooms, nicolae_overflow_crystal_walls,
          overflow_temple_1_default, kennysheep_nub,
          chequers_serial_rivers_small_b
D:5:      layout_gridville, makhleb_blood_cavern_becter,
          gammafunk_temple_overflow_statue, uniq_pikel
D:6:      layout_basic, nicolae_ru_great_annihilating_truth
D:7:      layout_basic, minmay_temple_entry_trees, serial_shops, shop
Temple:   nicolae_temple_no_exploring_needed

Skill      XL: |  1  2  3  4  5  6  7  8  9 |
---------------+----------------------------+-----
Fire Magic     | 4 5 6 |  6.1
Spellcasting   | 4 5 6 8 9 |  9.8
Stealth        | 3 4 |  4.3
Conjurations   | 2 3 5 6 |  6.4
Dodging        | 3 4 5 |  5.0
Short Blades   | 1 2 |  2.7
Fighting       | 1 |  1.8
Armour         | 1 |  1.6
Axes           | |  0.3
Slings         | |  0.7
Shields        | |  0.8

Action                   |  1- 3 |  4- 6 |  7- 9 || total
-------------------------+-------+-------+-------++-------
Melee: Hand axe          |    10 |     4 |       ||    14
       Short sword       |       |    26 |   113 ||   139
 Fire: Hunting sling     |       |       |     2 ||     2
Throw: Dart              |       |       |     1 ||     1
 Cast: Foxfire           |    35 |    82 |    97 ||   214
       Sticky Flame      |       |     5 |     8 ||    13
       Conjure Flame     |       |       |     4 ||     4
       Fireball          |       |       |     6 ||     6
  Use: Potion            |     3 |     1 |    10 ||    14
       Scroll            |       |     2 |     2 ||     4
 Stab: Sleeping          |       |     2 |     8 ||    10
       Paralysed         |       |       |     1 ||     1
       Distracted        |       |       |     1 ||     1
Armor: Robe              |     7 |    20 |    22 ||    49
       Leather armour    |       |     1 |    22 ||    23
Dodge: Dodged            |    21 |    67 |   107 ||   195
Block: Buckler           |       |     3 |       ||     3
       Other             |       |       |    11 ||    11

Table legend: (Time is in decaauts)
 A = Elapsed time spent in this place.
 B = Non-inter-level travel time spent in this place.
 C = Inter-level travel time spent in this place.
 D = Time resting spent in this place.
 E = Time spent auto-exploring this place.
 F = Levels seen in this place.
 G = Mean time per level.
                   A        B        C        D        E       F      G
               +--------+--------+--------+--------+--------+-----+--------+
         Total |   7763 |   7600 |    163 |   2149 |   2568 |   8 |  970.4 |
       Dungeon |   7746 |   7583 |    163 |   2149 |   2568 |   7 | 1106.6 |
        Temple |     16 |     16 |      0 |      0 |      0 |   1 |   16.0 |
               +--------+--------+--------+--------+--------+-----+--------+

Top non-repeatable levels by time:
     D:5: 1509 daAuts
     D:4: 1333 daAuts
     D:6: 1289 daAuts
     D:3: 1242 daAuts
     D:2: 1048 daAuts
     D:1: 921 daAuts
     D:7: 401 daAuts
  Temple: 16 daAuts
